[Event "Team 45 45 League T90"]
[Site "Internet Chess Club"]
[Date "2021.11.14"]
[Round "6"]
[White "Sloggi"]
[Black "fileman"]
[Result "1-0"]
[WhiteElo "1920"]
[BlackElo "1785"]
[Opening "Queen's pawn: Lundin (Kevitz-Mikenas) defense"]
[ECO "A40"]
[Time "01:02:39"]
[PlyCount "67"]
[TimeControl "2700+45"]

1. d4 Nc6 2. Nf3 d6 3. c4 e5 4. dxe5 Nxe5 5. b3 Nxf3+ 6. exf3 Nf6 7. Bb2 Be7 8.
Be2 O-O 9. O-O Re8 10. Nc3 Bf5 11. g4 Bd7 12. f4 Bc6 13. Bf3 Bxf3 14. Qxf3 c6
15. Rad1 Qc7 16. h4 Rad8 17. g5 Nd7 18. Rd2 Nb6 19. Rfd1 Rd7 20. h5 Red8 21. h6
d5 22. cxd5 cxd5 23. Nb5 Qc6 24. Nd4 Qg6 25. hxg7 Nc8 26. Qg4 Nd6 27. Nf3 f6 28.
Rxd5 Qxg7 29. Qe6+ Qf7 30. Qxf7+ Kxf7 31. gxf6 Bxf6 32. Ne5+ Bxe5 33. fxe5 Rg8+
34. Kf1 {Black resigns} 1-0

[Event "Team 45 45 League T90"]
[Site "Internet Chess Club"]
[Date "2021.11.13"]
[Round "6"]
[White "bobhill"]
[Black "DeepPoo"]
[Result "1-0"]
[WhiteElo "1898"]
[BlackElo "1703"]
[Opening "Queen's pawn game"]
[ECO "D02"]
[Time "10:09:09"]
[PlyCount "123"]
[TimeControl "2700+45"]

1. d4 d5 2. Nf3 e6 3. Bg5 Ne7 4. e3 Nd7 5. c4 c6 6. Nc3 a6 7. Bd3 dxc4 8. Bxc4
b5 9. Bd3 Bb7 10. O-O Qc7 11. Bf4 Qd8 12. Ne4 Ng6 13. Bd6 Be7 14. Rc1 O-O 15.
Bxe7 Qxe7 16. Nc5 Nxc5 17. Rxc5 Rfd8 18. h4 Rd5 19. Rxd5 cxd5 20. h5 Nh4 21.
Nxh4 Qxh4 22. g3 Qh3 23. Re1 e5 24. Bf1 Qe6 25. Kh2 Bc8 26. Bg2 e4 27. f3 f5 28.
f4 Bd7 29. Bh3 Rc8 30. Rg1 Qc6 31. Rg2 Qc1 32. Qb3 Qc4 33. Qa3 b4 34. Qa5 Rb8
35. b3 Qb5 36. Qc7 Rc8 37. Qd6 Qc6 38. Qxb4 Qh6 39. Qe7 Qe6 40. Qh4 Qc6 41. g4
fxg4 42. Bxg4 Bxg4 43. Qxg4 Rc7 44. Qg5 Rd7 45. h6 Qc7 46. hxg7 Rxg7 47. Qxd5+
Kf8 48. Rxg7 Qxg7 49. Qc5+ Kg8 50. Qc8+ Kf7 51. Qd7+ Kf8 52. Qxg7+ Kxg7 53. Kg3
Kf6 54. Kg4 a5 55. Kh5 Kg7 56. a3 h6 57. b4 a4 58. b5 Kf7 59. b6 Ke7 60. b7 Kd7
61. b8=Q Kc6 62. Qe5 {Black resigns} 1-0

[Event "Team 45 45 League T90"]
[Site "Internet Chess Club"]
[Date "2021.11.14"]
[Round "6"]
[White "ILRE"]
[Black "Rookmaster"]
[Result "0-1"]
[WhiteElo "1611"]
[BlackElo "1503"]
[Opening "Queen's pawn: London system"]
[ECO "A45"]
[Time "08:00:26"]
[PlyCount "150"]
[TimeControl "2700+45"]

1. d4 Nf6 2. Bf4 d6 3. e3 g6 4. h3 Bg7 5. Nf3 O-O 6. Be2 c5 7. c3 cxd4 8. exd4
Nbd7 9. Nbd2 Re8 10. O-O a6 11. Bc4 b5 12. Bb3 Bb7 13. Re1 h6 14. a3 Rc8 15. Bg3
Nb6 16. Nh4 e6 17. Nhf3 Nc4 18. Rb1 Nxd2 19. Nxd2 d5 20. Nf3 Nd7 21. Bc2 Bf6 22.
Qd3 Kg7 23. Ne5 Bxe5 24. dxe5 Qg5 25. h4 Qf5 26. Qd2 Qg4 27. Bd1 Qc4 28. Be2 Qc5
29. Bd3 d4 30. Rbc1 dxc3 31. Rxc3 Qd5 32. f3 Rxc3 33. Qxc3 Qc5+ 34. Qxc5 Nxc5
35. Be2 Rd8 36. b4 Na4 37. Rc1 Rc8 38. Rxc8 Bxc8 39. Be1 Bb7 40. Bd2 Bd5 41. Kf2
h5 42. Ke3 Nb6 43. Bc3 Nc4+ 44. Bxc4 Bxc4 45. f4 Kf8 46. Kd4 Ke7 47. Kc5 Bb3 48.
Kb6 Kd7 49. Bd4 Ba4 50. Bc5 Bb3 51. Bd6 Ba4 52. Kc5 Bc2 53. Kb6 Ba4 54. Kxa6 Kc6
55. Ka7 Kd5 56. Be7 Kc6 57. Kb8 Kd7 58. Bc5 Bb3 59. Ka7 Kc6 60. Kb8 Kd7 61. Ka7
Kc6 62. Ka6 Ba4 63. Ka5 Bb3 64. Ka6 Ba4 65. Ka7 Kc7 66. Bd6+ Kc6 67. Kb8 Kd7 68.
Kb7 Bb3 69. g3 f5 70. exf6 Kxd6 71. Kc8 e5 72. fxe5+ Kxe5 73. a4 bxa4 74. b5
Kxf6 75. b6 Bd5 {White resigns} 0-1

[Event "Team 45 45 League T90"]
[Site "Internet Chess Club"]
[Date "2021.11.13"]
[Round "6"]
[White "BrianWood"]
[Black "filmdirector"]
[Result "1/2-1/2"]
[WhiteElo "1509"]
[BlackElo "1361"]
[Opening "QGD: exchange, positional line"]
[ECO "D35"]
[Time "16:00:22"]
[PlyCount "45"]
[TimeControl "2700+45"]

1. d4 d5 2. c4 e6 3. Nc3 Nf6 4. cxd5 exd5 5. Bg5 Be7 6. e3 h6 7. Bh4 g5 8. Bg3
Ne4 9. Nxe4 dxe4 10. Be2 Bb4+ 11. Kf1 Bd6 12. Qc2 Qe7 13. Bxd6 Qxd6 14. Qxe4+
Kd8 15. Bc4 Re8 16. Qh7 Be6 17. Bxe6 Qxe6 18. h4 Nd7 19. hxg5 hxg5 20. Rh6 f6
21. Ne2 c6 22. Rd1 Qxa2 23. d5 {Game drawn by mutual agreement} 1/2-1/2

[Event "Team 45 45 League T90"]
[Site "Internet Chess Club"]
[Date "2021.11.14"]
[Round "6"]
[White "hipopotamos"]
[Black "CPTsopiens"]
[Result "0-1"]
[WhiteElo "1739"]
[BlackElo "1788"]
[Opening "Giuoco Pianissimo: Italian four knights variation"]
[ECO "C55"]
[Time "18:02:54"]
[PlyCount "126"]
[TimeControl "2700+45"]

1. e4 e5 2. Nf3 Nc6 3. Bc4 Nf6 4. Nc3 Bc5 5. d3 d6 6. h3 a6 7. a3 b5 8. Ba2 Bb7
9. O-O Qe7 10. Ng5 O-O 11. Kh1 h6 12. Nf3 Nd4 13. Be3 Rad8 14. Bxd4 exd4 15. Ne2
d5 16. e5 Nh7 17. Re1 Ng5 18. Nfxd4 Qxe5 19. f4 Qe3 20. Nf5 Nxh3 21. Nxe3 Nf2+
22. Kh2 Nxd1 23. Nxd1 g5 24. Rf1 Rfe8 25. Ng3 Bd6 26. Nf5 Bxf4+ 27. g3 Re2+ 28.
Kg1 d4 29. Nf2 Be3 30. Nxh6+ Kh7 31. Ng4 f5 32. Rae1 Rxe1 33. Rxe1 fxg4 34. Be6
Bf3 35. c3 c5 36. b4 Rd6 37. Bf5+ Kg7 38. cxd4 cxd4 39. Be4 Rh6 40. Bxf3 gxf3
41. Rb1 Rh3 42. g4 Rg3+ 43. Kf1 Kf7 44. Rb2 Ke6 45. Rc2 Rg2 46. Rc6+ Ke5 47.
Rc5+ Kf4 48. Rf5+ Kg3 49. Nh3 Rb2 50. Rxf3+ Kxf3 51. Ng1+ Bxg1 52. Kxg1 Rb3 53.
Kh2 Rxa3 54. Kh3 Rxd3 55. Kh2 Kxg4 56. Kg2 Rd2+ 57. Kf1 Kf3 58. Ke1 Rh2 59. Kd1
Ke3 60. Kc1 Kd3 61. Kb1 Kc3 62. Ka1 Kb3 63. Kb1 Rh1# {White checkmated} 0-1

[Event "Team 45 45 League T90"]
[Site "Internet Chess Club"]
[Date "2021.11.11"]
[Round "6"]
[White "Beetlejuice"]
[Black "qs16"]
[Result "1/2-1/2"]
[WhiteElo "1713"]
[BlackElo "1622"]
[Opening "QGD: exchange variation"]
[ECO "D35"]
[Time "15:00:51"]
[PlyCount "51"]
[TimeControl "2700+45"]

1. d4 Nf6 2. c4 e6 3. Nc3 d5 4. cxd5 Nxd5 5. e4 Nxc3 6. bxc3 Be7 7. Nf3 b6 8.
Bd3 Bb7 9. O-O O-O 10. Be3 Nd7 11. Qe2 Nf6 12. Bf4 Nh5 13. Bc1 Nf6 14. Bb2 h6
15. Rad1 Re8 16. Ne1 Nd7 17. f4 Nf8 18. Bb1 c6 19. Qg4 c5 20. Kh1 Qc7 21. d5
exd5 22. exd5 Qd6 23. c4 Bf6 24. Bxf6 Qxf6 25. Qf3 Rad8 26. Nc2 {Game drawn by
mutual agreement} 1/2-1/2

[Event "Team 45 45 League T90"]
[Site "Internet Chess Club"]
[Date "2021.11.16"]
[Round "6"]
[White "nidusin2"]
[Black "Demachaeron"]
[Result "0-1"]
[WhiteElo "1590"]
[BlackElo "1718"]
[Opening "Scandinavian (center counter) defense"]
[ECO "B01"]
[Time "19:01:50"]
[PlyCount "26"]
[TimeControl "2700+45"]

1. e4 d5 2. exd5 Qxd5 3. d4 e5 4. Nf3 Nc6 5. Nc3 Bb4 6. Bd2 Bxc3 7. Bxc3 e4 8.
Ng1 Nf6 9. f3 O-O 10. fxe4 Qxe4+ 11. Ne2 Bf5 12. Kd2 Ng4 13. Qe1 Qxc2# {White
checkmated} 0-1

[Event "Team 45 45 League T90"]
[Site "Internet Chess Club"]
[Date "2021.11.12"]
[Round "6"]
[White "rookmaster23"]
[Black "Timmah4651"]
[Result "1-0"]
[WhiteElo "1626"]
[BlackElo "1587"]
[Opening "French: Winawer, advance, poisoned pawn, Konstantinopolsky variation"]
[ECO "C18"]
[Time "22:00:54"]
[PlyCount "55"]
[TimeControl "2700+45"]

1. e4 e6 2. d4 d5 3. Nc3 Bb4 4. e5 c5 5. a3 Bxc3+ 6. bxc3 Ne7 7. Qg4 Qc7 8. Qxg7
Rg8 9. Qxh7 cxd4 10. Ne2 Qxe5 11. cxd4 Qf6 12. Qd3 Nbc6 13. h4 Nf5 14. Bg5 Qh8
15. Qd2 f6 16. Bf4 e5 17. dxe5 fxe5 18. Bg5 e4 19. c3 d4 20. cxd4 Nfxd4 21. Nxd4
Nxd4 22. Bb5+ Nxb5 23. Qd8+ Kf7 24. Qe7+ Kg6 25. h5+ Kf5 26. g4+ Kxg4 27. Rh4+
Kf3 28. Qxe4# {Black checkmated} 1-0

[Event "Team 45 45 League T90"]
[Site "Internet Chess Club"]
[Date "2021.11.12"]
[Round "6"]
[White "janh"]
[Black "Sloggi"]
[Result "1-0"]
[WhiteElo "1953"]
[BlackElo "1909"]
[Opening "Queen's Pawn"]
[ECO "A41"]
[Time "23:07:09"]
[PlyCount "31"]
[TimeControl "2700+45"]

1. d4 d6 2. Nc3 e5 3. dxe5 dxe5 4. Qxd8+ Kxd8 5. e4 c6 6. Be3 Be6 7. O-O-O+ Kc7
8. g3 Nf6 9. h3 Nfd7 10. f4 f6 11. Nf3 Bd6 12. Rh2 h6 13. f5 Bf7 14. g4 Na6 15.
Bxa6 bxa6 16. Rhd2 {Black resigns} 1-0

[Event "Team 45 45 League T90"]
[Site "Internet Chess Club"]
[Date "2021.11.14"]
[Round "6"]
[White "room-matt"]
[Black "achessman"]
[Result "1-0"]
[WhiteElo "1831"]
[BlackElo "1856"]
[Opening "Caro-Kann: Goldman (Spielmann) variation"]
[ECO "B11"]
[Time "09:11:06"]
[PlyCount "41"]
[TimeControl "2700+45"]

1. e4 c6 2. Nc3 d5 3. Qf3 dxe4 4. Nxe4 Nf6 5. Nxf6+ exf6 6. Bc4 Bd6 7. Ne2 O-O
8. d4 Na6 9. c3 Nc7 10. O-O Be6 11. Bd3 Qd7 12. Bf4 Rfe8 13. Rfe1 Bf8 14. Qg3
Nd5 15. b3 Nxf4 16. Nxf4 Bf5 17. Bxf5 Qxf5 18. Nd3 Rad8 19. Rad1 Bd6 20. Qxd6
Qxd3 21. Qxd8 {Black resigns} 1-0

[Event "Team 45 45 League T90"]
[Site "Internet Chess Club"]
[Date "2021.11.13"]
[Round "6"]
[White "laurenpar"]
[Black "cadmiumorange"]
[Result "1/2-1/2"]
[WhiteElo "1927"]
[BlackElo "1928"]
[Opening "Nimzovich-Larsen attack"]
[ECO "A01"]
[Time "04:00:42"]
[PlyCount "65"]
[TimeControl "2700+45"]

1. b3 d6 2. Bb2 e5 3. d4 Nd7 4. g3 Ngf6 5. Bg2 g6 6. Nd2 Bg7 7. e4 O-O 8. Ne2
Qe7 9. O-O Rd8 10. c4 h5 11. Qc2 Nf8 12. b4 a5 13. a3 h4 14. dxe5 dxe5 15. Nf3
hxg3 16. hxg3 Ng4 17. c5 Ne6 18. Rad1 b6 19. Rxd8+ Nxd8 20. cxb6 cxb6 21. bxa5
bxa5 22. Rc1 Ba6 23. Nc3 Rc8 24. Nd5 Qa7 25. Qd2 Bh6 26. Nf6+ Kg7 27. Rxc8 Bxd2
28. Nxg4 Bxc8 29. Bxe5+ Kf8 30. Bd6+ Kg7 31. Be5+ Kf8 32. Bd6+ Kg7 33. Be5+
{Game drawn by repetition} 1/2-1/2

[Event "Team 45 45 League T90"]
[Site "Internet Chess Club"]
[Date "2021.11.13"]
[Round "6"]
[White "fhunfi"]
[Black "ElValero"]
[Result "1/2-1/2"]
[WhiteElo "1719"]
[BlackElo "1635"]
[Opening "French: Chigorin variation"]
[ECO "C00"]
[Time "10:00:20"]
[PlyCount "58"]
[TimeControl "2700+45"]

1. e4 e6 2. Qe2 Ne7 3. f4 d5 4. d3 c5 5. Nf3 Nbc6 6. c3 b6 7. g3 Ba6 8. e5 g6 9.
Bg2 Qd7 10. Na3 Nf5 11. Nc2 Be7 12. Ne3 Nxe3 13. Bxe3 h6 14. h4 h5 15. Qd2 O-O-O
16. d4 cxd4 17. Bxd4 Nxd4 18. Nxd4 Kb8 19. O-O-O Rc8 20. Kb1 Bc5 21. Rc1 Qa4 22.
b3 Qd7 23. Rhe1 Rc7 24. Bf3 Rhc8 25. Rh1 Ba3 26. Rc2 Bc5 27. Rcc1 Ba3 28. Rc2
Bc5 29. Rcc1 Ba3 {Game drawn by repetition} 1/2-1/2

[Event "Team 45 45 League T90"]
[Site "Internet Chess Club"]
[Date "2021.11.15"]
[Round "6"]
[White "HomerSimpson"]
[Black "zugknightly"]
[Result "1-0"]
[WhiteElo "2013"]
[BlackElo "1930"]
[Opening "Queen's pawn: London system"]
[ECO "A45"]
[Time "18:01:09"]
[PlyCount "47"]
[TimeControl "2700+45"]

1. d4 Nf6 2. Bf4 g6 3. Nc3 Bg7 4. e4 d6 5. Qd2 O-O 6. Bh6 c6 7. h4 Bxh6 8. Qxh6
Ng4 9. Qd2 h5 10. f3 Nf6 11. g4 e5 12. O-O-O Nbd7 13. Nge2 Kg7 14. Ng3 Rh8 15.
g5 Ne8 16. f4 exf4 17. Qxf4 Nb6 18. d5 Bg4 19. Be2 Bxe2 20. Ncxe2 Nd7 21. dxc6
bxc6 22. Rhf1 Rf8 23. Nd4 Ne5 24. Ne6+ {Black resigns} 1-0

[Event "Team 45 45 League T90"]
[Site "Internet Chess Club"]
[Date "2021.11.13"]
[Round "6"]
[White "Ajolote"]
[Black "primerpaso"]
[Result "1-0"]
[WhiteElo "1965"]
[BlackElo "1868"]
[Opening "Sicilian: closed, 2...Nc6"]
[ECO "B23"]
[Time "15:07:43"]
[PlyCount "49"]
[TimeControl "2700+45"]

1. e4 c5 2. Nc3 Nc6 3. Bb5 g6 4. Bxc6 bxc6 5. d3 Bg7 6. f4 Nf6 7. Nf3 O-O 8. O-O
Rb8 9. Qe1 d6 10. Qh4 h6 11. f5 g5 12. Nxg5 hxg5 13. Bxg5 Qb6 14. Na4 Qb4 15. b3
Qd4+ 16. Kh1 d5 17. Rad1 dxe4 18. c3 Qd8 19. dxe4 Qe8 20. e5 Nh7 21. f6 exf6 22.
exf6 Qe5 23. fxg7 Qxg7 24. Bh6 Qg4 25. Qf2 {Black resigns} 1-0

[Event "Team 45 45 League T90"]
[Site "Internet Chess Club"]
[Date "2021.11.13"]
[Round "6"]
[White "fishhead"]
[Black "hipopotamos"]
[Result "0-1"]
[WhiteElo "1748"]
[BlackElo "1754"]
[Opening "Ruy Lopez: Schliemann defense, Berger variation"]
[ECO "C63"]
[Time "20:00:44"]
[PlyCount "72"]
[TimeControl "2700+45"]

1. e4 e5 2. Nf3 Nc6 3. Bb5 f5 4. Nc3 fxe4 5. Nxe4 d5 6. Ng3 Nf6 7. Nxe5 Qd6 8.
Nxc6 bxc6 9. Be2 Be7 10. d4 O-O 11. O-O Be6 12. f4 c5 13. f5 Bf7 14. b3 Qb6 15.
Bb2 cxd4 16. Bxd4 c5 17. Bf2 Bd6 18. Bf3 Rae8 19. Qd3 Bxg3 20. hxg3 Ne4 21. Rad1
Kh8 22. g4 Re7 23. Bh4 Re5 24. c4 Rfe8 25. cxd5 Rxd5 26. Qc2 c4+ 27. Kh1 Qh6 28.
Bxe4 Qxh4+ 29. Kg1 Rxd1 30. Rxd1 cxb3 31. axb3 Qxg4 32. Bf3 Qb4 33. Qc7 Bxb3 34.
Rd8 Qe1+ 35. Kh2 Qh4+ 36. Kg1 Qxd8 {White resigns} 0-1

[Event "Team 45 45 League T90"]
[Site "Internet Chess Club"]
[Date "2021.11.12"]
[Round "6"]
[White "MrAbendroth"]
[Black "Portola"]
[Result "0-1"]
[WhiteElo "1678"]
[BlackElo "1734"]
[Opening "French: Rubinstein variation"]
[ECO "C10"]
[Time "13:00:48"]
[PlyCount "140"]
[TimeControl "2700+45"]

1. e4 e6 2. d4 d5 3. Nc3 dxe4 4. Nxe4 Be7 5. Nf3 Nd7 6. Bd3 Ngf6 7. Qe2 Nxe4 8.
Bxe4 O-O 9. Be3 c6 10. c3 Qc7 11. Bc2 b6 12. g4 Bb7 13. Rg1 c5 14. O-O-O cxd4
15. Nxd4 a6 16. Rg3 Rad8 17. Rh3 g6 18. f4 Bf6 19. f5 Bxd4 20. Bxd4 e5 21. Be3
Nc5 22. Rxd8 Rxd8 23. fxg6 fxg6 24. Bg5 Re8 25. Qc4+ Ne6 26. Qxc7 Nxc7 27. Bf6
Re6 28. g5 e4 29. Bb3 Bd5 30. c4 Bc6 31. Re3 Kf8 32. Bd8 Na8 33. h4 Re5 34. Kd2
Rf5 35. Re2 Rf3 36. Rh2 Rd3+ 37. Ke2 Rxd8 38. h5 gxh5 39. Rxh5 Kg7 40. Rh6 Bb7
41. Re6 Rf8 42. c5 Bc8 43. Re7+ Kg6 44. Bd5 Bg4+ 45. Ke3 bxc5 46. Bxe4+ Kxg5 47.
Re5+ Kh6 48. Rxc5 Bh5 49. Rc6+ Bg6 50. Rxa6 Re8 51. Kf2 Rxe4 52. Rxa8 Rb4 53. b3
Kg5 54. Ra5+ Bf5 55. Re5 h5 56. Re3 h4 57. a4 Bc2 58. Re5+ Kg4 59. Re7 Bxb3 60.
Rg7+ Kh3 61. a5 Ra4 62. Rc7 Kg4 63. Rg7+ Kh3 64. Rc7 Bc4 65. Rc5 Kh2 66. Rg5 h3
67. Rg4 Ra2+ 68. Ke3 Bf1 69. Rg5 Bg2 70. Rc5 Kg1 {White resigns} 0-1

[Event "Team 45 45 League T90"]
[Site "Internet Chess Club"]
[Date "2021.11.14"]
[Round "6"]
[White "ascoli"]
[Black "Portola"]
[Result "0-1"]
[WhiteElo "1505"]
[BlackElo "1747"]
[Opening "French: King's Indian attack"]
[ECO "C00"]
[Time "13:00:30"]
[PlyCount "72"]
[TimeControl "2700+45"]

1. e4 e6 2. d3 d5 3. Nd2 c5 4. Ngf3 Nc6 5. g3 Bd6 6. Bg2 Nge7 7. O-O O-O 8. Re1
f6 9. h4 d4 10. Nc4 e5 11. a4 Be6 12. b3 Bc7 13. Ba3 Ba5 14. Nxa5 Qxa5 15. Nd2
Nb4 16. Nc4 Qc7 17. Bxb4 cxb4 18. a5 Nc6 19. Qd2 Qe7 20. f4 exf4 21. Qxf4 Bxc4
22. dxc4 Ne5 23. Red1 Rad8 24. Ra4 d3 25. cxd3 Nxd3 26. Qe3 Nb2 27. Rxd8 Rxd8
28. Ra2 Nd1 29. Qxa7 Qe5 30. Kh2 Rd3 31. Qa8+ Kf7 32. Qxb7+ Kg6 33. h5+ Kh6 34.
Re2 Qxh5+ 35. Kg1 Qxe2 36. Qxb4 Rxg3 {White resigns} 0-1

[Event "Team 45 45 League T90"]
[Site "Internet Chess Club"]
[Date "2021.11.11"]
[Round "6"]
[White "rubo"]
[Black "Electryon"]
[Result "1-0"]
[WhiteElo "1494"]
[BlackElo "1430"]
[Opening "Queen's pawn"]
[ECO "A40"]
[Time "15:00:52"]
[PlyCount "77"]
[TimeControl "2700+45"]

1. d4 e6 2. Bf4 f5 3. e3 Nf6 4. h3 Bd6 5. Bxd6 cxd6 6. c3 b6 7. g4 Bb7 8. Nf3
fxg4 9. hxg4 Nxg4 10. Bd3 Qf6 11. Nbd2 Rf8 12. Rh3 h6 13. Qe2 Nc6 14. O-O-O
O-O-O 15. Rg1 h5 16. Rxh5 Qf7 17. Rg5 Nh6 18. Rxg7 Qh5 19. R7g5 Qh3 20. Ba6 Rf5
21. R5g2 Rh5 22. Bxb7+ Kxb7 23. Rh2 Qf5 24. Rgh1 Rxh2 25. Rxh2 Ng4 26. e4 Qa5
27. Rg2 Nf6 28. Kb1 Rh8 29. Nc4 Rh1+ 30. Rg1 Rxg1+ 31. Nxg1 Qg5 32. Nf3 Qh5 33.
Nxd6+ Kc7 34. e5 Qg6+ 35. Ka1 Qh6 36. a3 Nd5 37. Ka2 Nde7 38. Qa6 Kd8 39. Nf7+
{Black resigns} 1-0

[Event "Team 45 45 League T90"]
[Site "Internet Chess Club"]
[Date "2021.11.12"]
[Round "6"]
[White "tryanything"]
[Black "marioseixas1992"]
[Result "0-1"]
[WhiteElo "1456"]
[BlackElo "1465"]
[Opening "Sicilian: Grand Prix attack"]
[ECO "B23"]
[Time "04:05:18"]
[PlyCount "60"]
[TimeControl "2700+45"]

1. e4 c5 2. Nc3 Nc6 3. f4 e5 4. Nf3 exf4 5. Bc4 h6 6. O-O g5 7. d3 d6 8. Nd5 Bg7
9. c3 Bg4 10. Qa4 Nf6 11. e5 Nxd5 12. Bxd5 O-O 13. exd6 Qxd6 14. Be4 f5 15. Bxc6
bxc6 16. Qc4+ Kh7 17. Bd2 Rad8 18. Rae1 Qxd3 19. Qxd3 Rxd3 20. Bc1 Bxf3 21. Rxf3
Rxf3 22. gxf3 Rd8 23. Kf2 Kg6 24. Re6+ Kh5 25. Ke2 Kh4 26. Re7 Bf8 27. Rxa7 Kh3
28. Rc7 Kxh2 29. Rxc6 Kg2 30. Re6 h5 {White resigns} 0-1

[Event "Team 45 45 League T90"]
[Site "Internet Chess Club"]
[Date "2021.11.12"]
[Round "6"]
[White "nosir"]
[Black "clarinetref"]
[Result "1-0"]
[WhiteElo "1425"]
[BlackElo "1446"]
[Opening "Réti: King's Indian attack"]
[ECO "A05"]
[Time "09:02:56"]
[PlyCount "141"]
[TimeControl "2700+45"]

1. Nf3 Nf6 2. g3 g6 3. Bg2 Bg7 4. d3 d5 5. O-O O-O 6. Nbd2 Re8 7. e4 e5 8. Re1
Nc6 9. Qe2 dxe4 10. Nxe4 Bg4 11. h3 Nd4 12. Qd1 Nxf3+ 13. Bxf3 Bxh3 14. Nxf6+
Qxf6 15. Bxb7 Rab8 16. Qf3 Qb6 17. Bd5 Be6 18. Bxe6 Rxe6 19. Rb1 Qa5 20. c3 Qxa2
21. Be3 Rf6 22. Qe4 Re6 23. Bc5 f5 24. Qf3 e4 25. Qd1 exd3 26. Rxe6 Qxe6 27.
Qxd3 a6 28. Kf1 Qc6 29. Bb4 Qh1+ 30. Ke2 Re8+ 31. Kd2 Bh6+ 32. Kc2 Qg2 33. Qc4+
Kg7 34. Qxc7+ Kf6 35. Bc5 Qe4+ 36. Kb3 Qxb1 37. Qd6+ Kf7 38. Qd7+ Kf6 39. Qxe8
Qd1+ 40. Kc4 Qf1+ 41. Kb4 Qb5+ 42. Qxb5 axb5 43. Kxb5 Bc1 44. b4 f4 45. gxf4
Bxf4 46. Kc6 h5 47. f3 h4 48. b5 h3 49. Bg1 h2 50. Bxh2 Bxh2 51. b6 Ke5 52. c4
Kf4 53. Kd5 Kxf3 54. c5 g5 55. c6 g4 56. c7 Bxc7 57. bxc7 g3 58. c8=Q g2 59.
Qf5+ Kg3 60. Qg5+ Kf2 61. Qf4+ Ke1 62. Qe3+ Kf1 63. Qf3+ Kg1 64. Ke4 Kh2 65.
Qh5+ Kg3 66. Qg5+ Kf2 67. Qf4+ Ke1 68. Qg3+ Kf1 69. Qf3+ Kg1 70. Ke3 Kh1 71. Kf2
{Black resigns} 1-0

[Event "Team 45 45 League T90"]
[Site "Internet Chess Club"]
[Date "2021.11.11"]
[Round "6"]
[White "elmaestro"]
[Black "Timmah4651"]
[Result "1-0"]
[WhiteElo "1651"]
[BlackElo "1603"]
[Opening "Bird's opening"]
[ECO "A03"]
[Time "22:13:47"]
[PlyCount "57"]
[TimeControl "2700+45"]

1. f4 d5 2. Nf3 c5 3. e3 Nc6 4. Be2 Nf6 5. d3 g6 6. O-O Bg7 7. c3 O-O 8. Qe1 Ne8
9. e4 dxe4 10. dxe4 e5 11. Be3 b6 12. Qg3 exf4 13. Bxf4 Nf6 14. Nfd2 Re8 15. Bf3
Bb7 16. Na3 Ne5 17. Bxe5 Qxd2 18. Nc4 Qd3 19. Nd6 Rxe5 20. Qxe5 Nh5 21. Qe7 Ba6
22. Bxh5 Qe3+ 23. Kh1 Bxf1 24. Rxf1 gxh5 25. Qxf7+ Kh8 26. Ne8 Qh6 27. e5 Rd8
28. e6 Rd2 29. e7 {Black resigns} 1-0

[Event "Team 45 45 League T90"]
[Site "Internet Chess Club"]
[Date "2021.11.12"]
[Round "6"]
[White "Grenadier"]
[Black "AlWynJones"]
[Result "1-0"]
[WhiteElo "1516"]
[BlackElo "1298"]
[Opening "Pirc defense"]
[ECO "B07"]
[Time "09:00:20"]
[PlyCount "101"]
[TimeControl "2700+45"]

1. e4 d6 2. d4 Nf6 3. Bd3 Na6 4. c3 c5 5. Bxa6 bxa6 6. d5 Nxe4 7. Qa4+ Qd7 8.
Qxe4 Bb7 9. Nf3 Qb5 10. c4 Qb4+ 11. Nc3 e6 12. O-O Be7 13. Qg4 exd5 14. Qxg7 Rf8
15. Nxd5 Qxc4 16. Nc7+ Kd7 17. Nxa8 f5 18. Bg5 Rf7 19. Qc3 Qxc3 20. bxc3 Bxa8
21. Bxe7 Rxe7 22. Rae1 Rg7 23. Kh1 h5 24. h4 Rg4 25. Rd1 Rf4 26. Ne5+ Ke6 27.
Nf3 Kf7 28. Rxd6 Ke7 29. Rh6 Kf7 30. Rxh5 Rxf3 31. Rh7+ Kg8 32. Rxa7 Rh3+ 33.
Kg1 Bxg2 34. Kxg2 Rxh4 35. Rb1 Rg4+ 36. Kf3 Kh8 37. Rb8+ Rg8 38. Rxg8+ Kxg8 39.
Kf4 c4 40. Kxf5 Kf8 41. Kf6 Ke8 42. Ke6 Kd8 43. Kd6 Kc8 44. Kc6 Kd8 45. f4 a5
46. f5 a4 47. f6 Ke8 48. Kd6 a3 49. Ke6 Kd8 50. f7 Kc8 51. f8=Q# {Black
checkmated} 1-0

[Event "Team 45 45 League T90"]
[Site "Internet Chess Club"]
[Date "2021.11.16"]
[Round "6"]
[White "trogers41"]
[Black "GoIrish"]
[Result "1-0"]
[WhiteElo "1374"]
[BlackElo "1504"]
[Opening "French: advance variation"]
[ECO "C02"]
[Time "17:00:26"]
[PlyCount "121"]
[TimeControl "2700+45"]

1. e4 e6 2. d4 d5 3. e5 c5 4. c3 Ne7 5. Na3 Nec6 6. Nc2 b6 7. Nf3 Ba6 8. Bxa6
Nxa6 9. O-O Be7 10. Be3 O-O 11. Qd2 cxd4 12. cxd4 f6 13. exf6 Bxf6 14. Bg5 Nc7
15. Bxf6 Rxf6 16. Qe2 Qe8 17. Ne5 Nxe5 18. Qxe5 Rc8 19. Rac1 Rf5 20. Qg3 Nb5 21.
Rfe1 Qc6 22. h3 Rf6 23. Qe5 Qd6 24. Qxd6 Nxd6 25. Ne3 Rxc1 26. Rxc1 Nb5 27. Nc2
Rf7 28. a4 Nd6 29. Ne3 Ne4 30. f3 Ng3 31. Kf2 Nf5 32. Rc8+ Rf8 33. Rc7 Nxd4 34.
Rxa7 Rb8 35. Ng4 Rc8 36. Ke3 Nf5+ 37. Kd3 Nh4 38. Ne5 Nxg2 39. Rb7 Nf4+ 40. Ke3
Nxh3 41. Rxb6 h6 42. Rxe6 Ng5 43. Rc6 Rb8 44. Rc2 Rb3+ 45. Rc3 Rxb2 46. Ra3 Ne6
47. a5 Rb8 48. a6 Ra8 49. Nc6 Nc7 50. Nb4 d4+ 51. Kd3 h5 52. Ra5 h4 53. Kxd4 g6
54. Ke3 h3 55. Kf2 Kg7 56. a7 Ne6 57. Nd5 Nc7 58. Nxc7 h2 59. Kg2 Rh8 60. Kh1 g5
61. a8=Q {Black resigns} 1-0

[Event "Team 45 45 League T90"]
[Site "Internet Chess Club"]
[Date "2021.11.11"]
[Round "6"]
[White "seattleblues"]
[Black "Fulmar"]
[Result "0-1"]
[WhiteElo "1322"]
[BlackElo "1324"]
[Opening "QGA: Mannheim variation"]
[ECO "D23"]
[Time "19:14:50"]
[PlyCount "94"]
[TimeControl "2700+45"]

1. d4 d5 2. Nf3 Nf6 3. c4 dxc4 4. Qa4+ Nbd7 5. Qxc4 a6 6. Nc3 b5 7. Qb3 e6 8. e4
Bb7 9. Bd3 Nb6 10. Bg5 Be7 11. O-O O-O 12. Rfe1 h6 13. Bh4 Nh7 14. Bg3 c5 15.
dxc5 Bxc5 16. Rad1 Qe8 17. Qc2 b4 18. Ne2 Rc8 19. Qb1 Qe7 20. Ned4 Rfd8 21. e5
Nf8 22. Nb3 Rd5 23. Na5 Qd7 24. Nxb7 Qxb7 25. h3 Rcd8 26. Nh2 Qd7 27. Bc2 Rd2
28. Rxd2 Qxd2 29. Rd1 Qg5 30. Nf3 Rxd1+ 31. Qxd1 Qe7 32. Bh4 Qe8 33. Nd2 Be7 34.
Bg3 Nd5 35. Ne4 Qd8 36. Qd3 a5 37. Bb3 Ng6 38. Qd2 Qd7 39. Qc1 Kf8 40. Nc5 Qa7
41. Ba4 Qxc5 42. Qxc5 Bxc5 43. Bb3 Ke7 44. Kf1 f6 45. exf6+ Kxf6 46. Ke1 Bd4 47.
Bc7 Nxc7 {White resigns} 0-1

[Event "Team 45 45 League T90"]
[Site "Internet Chess Club"]
[Date "2021.11.14"]
[Round "6"]
[White "fvafier"]
[Black "QuieroAprender"]
[Result "0-1"]
[WhiteElo "1509"]
[BlackElo "1657"]
[Opening "Réti opening"]
[ECO "A04"]
[Time "14:01:23"]
[PlyCount "76"]
[TimeControl "2700+45"]

1. Nf3 Nc6 2. g3 e5 3. d3 g6 4. Bg2 d5 5. O-O Bg7 6. e4 d4 7. Nbd2 Bg4 8. h3 Be6
9. a4 a6 10. a5 Qd7 11. Nc4 Bxh3 12. Qe2 Bxg2 13. Kxg2 h5 14. Nh4 Nge7 15. f4
exf4 16. Bxf4 O-O-O 17. Bd2 Rhf8 18. Rf2 f5 19. Raf1 Bf6 20. Nf3 Rde8 21. Ng5
Nd5 22. Kh2 h4 23. gxh4 Rh8 24. Rf3 Rxh4+ 25. Nh3 Be5+ 26. Nxe5 Nxe5 27. Rg3
fxe4 28. dxe4 Reh8 29. Qg2 Ng4+ 30. Kg1 Nde3 31. Bxe3 Nxe3 32. Rxe3 dxe3 33. Nf4
Rh1+ 34. Qxh1 Rxh1+ 35. Kxh1 Qh7+ 36. Kg2 Qh4 37. Kf3 g5 38. Ng2 Qh3+ {White
resigns} 0-1